 Dungeon Crawl Stone Soup version 0.25.1-9-gc5326a611f (webtiles) character file.

Game seed: 8368583878735514347

936 funkygono the Chucker (level 7, 0/65 HPs)
             Began as a Troll Hunter on Dec 28, 2020.
             Slain by an ogre
             ... wielding a +0 giant spiked club
              (21 damage)
             ... on level 5 of the Dungeon.
             The game lasted 00:08:45 (3002 turns).

funkygono the Chucker (Troll Hunter)                Turns: 3002, Time: 00:08:46

Health: 0/65       AC:  9    Str: 22    XL:     7   Next: 87%
Magic:  6/6        EV: 10    Int:  7    God:
Gold:   253        SH:  0    Dex: 11    Spells: 6/6 levels left

rFire    + . .     SeeInvis .     - Unarmed
rCold    . . .     Gourm    +   (no shield)
rNeg     . . .     Faith    .   x - +0 robe (curse)
rPois    .         Spirit   .   j - +1 hat
rElec    .         Reflect  .   v - +1 cloak
rCorr    .         Harm     .   (gloves unavailable)
MR       .....                  (boots unavailable)
Stlth    ++........             (no amulet)
HPRegen  0.60/turn              w - ring of protection from fire
MPRegen  0.10/turn              (no ring)

@: mighty
A: large, unfitting armour, claws 3, fast metabolism 3, gourmand, regeneration
1, shaggy fur 1, tough skin 3
a: no special abilities


You were on level 5 of the Dungeon.
You were completely stuffed.

You visited 1 branch of the dungeon, and saw 5 of its levels.

You collected 253 gold pieces.

Inventory:

Hand Weapons
 a - a +1 short sword
Missiles
 c - 6 large rocks
 d - 2 throwing nets
 g - 131 stones
 i - 6 boomerangs (quivered)
 q - 17 poisoned darts
 u - 6 javelins
 A - 2 silver javelins
Armour
 b - a +0 robe
 j - a +1 hat (worn)
 v - a +1 cloak (worn)
 x - a cursed +0 robe (worn)
Jewellery
 w - a ring of protection from fire (left claw)
Wands
 m - a wand of clouds (8)
Scrolls
 l - 4 scrolls of remove curse
 o - 2 scrolls of teleportation
 p - 2 scrolls of magic mapping
 y - a scroll of identify
Potions
 e - a potion of haste
 h - 4 potions of flight
 k - a potion of heal wounds
 n - 2 potions of lignification
 r - 2 potions of might
 s - 3 potions of brilliance
 t - a potion of invisibility {unknown}
 z - a potion of curing {unknown}
Comestibles
 f - 11 rations
 B - 6 chunks of flesh


   Skills:
 + Level 2.1 Fighting
 + Level 6.8 Throwing
 + Level 2.9 Dodging
 + Level 1.2 Stealth
 + Level 4.6 Unarmed Combat


You had 6 spell levels left.
You didn't know any spells.
Your spell library was empty.

Dungeon Overview and Level Annotations

Branches:
Dungeon (5/15)
 Temple: D:4-7

Altars:
Yredelemnul

Shops:
D:4 %


Innate Abilities, Weirdness & Mutations

You are too large for most types of armour.
You have claws for hands.
Your metabolism is lightning-fast.
You like to eat raw meat.
Your natural rate of healing is unusually fast.
You are covered in fur. (AC +1)
You have extremely tough skin. (AC +3)


Message History

The ogre hits you with a +0 giant spiked club!!
The ogre hits you with a +0 giant spiked club!!
You scratch the ogre but do no damage. You scratch the ogre.
The ogre is lightly wounded.
The ogre hits you with a +0 giant spiked club!!
* * * LOW HITPOINT WARNING * * *
You barely miss the ogre.
The ogre is lightly wounded.
The ogre barely misses you.
You claw the ogre!
The ogre is heavily wounded.
The worker ant closely misses you.
You feel much better.
The ogre hits you with a +0 giant spiked club!
The worker ant bites you but does no damage.
You feel very mighty all of a sudden. The worker ant misses you.
The ogre hits you with a +0 giant spiked club!!
You die...

#############
#.....#.....#... ###
#..†..#.....#... #..
#..#..#.a#..#..# #.#
#..#..#O@#..#5.# #.#
#..#.....#..a..# #.#
#.†#....(#.....# #.#
#..####################)#
#.................).....#
#...^...........).......#
#..######################
#..#.... #.....#.....
#..#.....#.....#......


You could see an ogre and a worker ant.

Vanquished Creatures
  Eustachio (D:4)
  An ogre (D:5)
  Blork the orc (D:4)
  4 scorpions
  2 howler monkeys
  A hound (D:4)
  An orc priest (D:2)
  An orc wizard (D:5)
  Crazy Yiuf (D:3)
  Jessica (D:3)
  Ijyb (D:4)
  2 worker ants
  A howler monkey skeleton (D:5)
  6 adders
  A shadow imp (D:5)
  An adder skeleton (D:4)
  4 worms
  2 leopard geckos
  4 orcs (D:5)
  6 giant cockroaches
  2 gnoll zombies (D:5)
  6 goblins
  6 hobgoblins
  3 jackals (D:1)
  4 quokkas
  2 ball pythons
  5 bats
  2 frilled lizards
  5 kobolds
  9 rats
86 creatures vanquished.

Notes
Turn   | Place    | Note
-------+----------+-------------------------------------------
     0 | D:1      | funkygono the Troll Hunter began the quest for the Orb.
     0 | D:1      | Reached XP level 1. HP: 19/19 MP: 0/0
   124 | D:1      | Reached skill level 4 in Throwing
   131 | D:1      | Reached XP level 2. HP: 27/27 MP: 1/1
   524 | D:2      | Reached XP level 3. HP: 33/35 MP: 2/2
   771 | D:2      | Found a faded altar of an unknown god.
  1139 | D:2      | Reached XP level 4. HP: 42/42 MP: 3/3
  1150 | D:2      | Reached skill level 1 in Unarmed Combat
  1548 | D:3      | Reached skill level 5 in Throwing
  1576 | D:3      | Noticed Jessica
  1585 | D:3      | Killed Jessica
  1585 | D:3      | Reached XP level 5. HP: 46/49 MP: 4/4
  1674 | D:3      | Found a runed translucent door.
  1675 | D:3      | Noticed Crazy Yiuf
  1680 | D:3      | Killed Crazy Yiuf
  1936 | D:4      | Noticed Eustachio
  1949 | D:4      | Killed Eustachio
  1949 | D:4      | Reached XP level 6. HP: 55/57 MP: 5/5
  1976 | D:4      | Noticed Ijyb
  1983 | D:4      | Killed Ijyb
  2141 | D:4      | Found Avvefe's Food Boutique.
  2297 | D:4      | Reached skill level 6 in Throwing
  2297 | D:4      | Reached skill level 1 in Stealth
  2402 | D:4      | Noticed Blork the orc
  2420 | D:4      | Reached XP level 7. HP: 54/63 MP: 6/6
  2427 | D:4      | Killed Blork the orc
  2623 | D:5      | Entered Level 5 of the Dungeon
  2834 | D:5      | Found a basalt altar of Yredelemnul.
  2998 | D:5      | HP: 1/65 [ogre/+0 giant spiked club (23)]
  3002 | D:5      | Slain by an ogre

Illustrated notes

Levels and vault maps discovered:
D:1:      minmay_arrival_arboretum_small, layout_rooms, st_stairs_13,
          minmay_unequal
D:2:      layout_loops_corners, chequers_ecumenical_altar_simple,
          minmay_randomly_rotated_circles
D:3:      layout_rooms, uniq_jessica, uniq_crazy_yiuf_cottage
D:4:      layout_loops_ring, serial_shops, shop_statue, kennysheep_potato,
          uniq_eustachio, uniq_ijyb, uniq_blork_the_orc
D:5:      kennysheep_windowed_halls, layout_basic, lemuel_crystal_altar,
          lemuel_zombie_altar_yredelemnul, first_ration, uniq_duvessa

Skill      XL: |  1  2  3  4  5  6  7 |
---------------+----------------------+-----
Throwing       | 4 5 6 |  6.8
Unarmed Combat | 1 3 4 |  4.6
Dodging        | 2 |  2.9
Stealth        | 1 |  1.2
Fighting       | 2 |  2.1

Action                   |  1- 3 |  4- 6 |  7- 9 || total
-------------------------+-------+-------+-------++-------
Melee: Unarmed           |    55 |    69 |    47 ||   171
       Punch             |       |       |     2 ||     2
Throw: Stone             |     7 |       |       ||     7
       Boomerang         |     3 |     8 |    21 ||    32
       Javelin           |    40 |    32 |     2 ||    74
       Large rock        |     1 |     5 |     2 ||     8
       Dart              |       |     6 |       ||     6
  Use: Scroll            |     3 |     8 |     1 ||    12
       Potion            |       |       |     2 ||     2
  Eat: Chunk             |    15 |    11 |     7 ||    33
Armor: Robe              |    19 |    43 |    12 ||    74
Dodge: Dodged            |    32 |    56 |    16 ||   104
